 Dungeon Crawl Stone Soup version 0.13-a0-2531-g2ad9301 (webtiles) character file.

4008 Rycklaryybbe the Frost Mage (level 9, -1/66 HPs)
             Began as a Demigod Ice Elementalist on July 26, 2013.
             Slain by a centaur
             ... wielding a cursed -1,-2 orcish trident
              (6 damage)
             ... on Level 8 of the Dungeon.
             The game lasted 00:48:39 (10892 turns).

Rycklaryybbe the Frost Mage (DgIE)                 Turns: 10892, Time: 00:48:39

HP  -1/66        AC  7     Str 12      XL: 9   Next: 51%
MP   6/22        EV  9     Int 24      God:
Gold 499         SH  0     Dex 16 (17) Spells:  2 memorised, 12 levels left

Res.Fire  : . . .   See Invis. : .   a - +4,+3 dwarf battleaxe (freeze)
Res.Cold  : + . .   Warding    : .   P - +2 orc ring mail {rC+}
Life Prot.: . . .   Conserve   : .   (no shield)
Res.Poison: .       Res.Corr.  : .   (no helmet)
Res.Elec. : .       Clarity    : .   (no cloak)
Sust.Abil.: . .     Spirit.Shd : .   (no gloves)
Res.Mut.  : .       Stasis     : .   (no boots)
Res.Rott. : .       Flight     : .   (no amulet)
Saprovore : . . .                    d - ring of sustenance
                                     t - cursed -2,-2 ring of slaying

@: somewhat resistant to hostile enchantments, unstealthy
A: no striking features
a: no special abilities


You were on level 8 of the Dungeon.
You were hungry.

You visited 2 branches of the dungeon, and saw 9 of its levels.
You also visited: Sewer.

You collected 479 gold pieces.

Inventory:

Hand weapons
 a - a +4,+3 dwarven battleaxe of freezing (weapon)
 p - a +2,+3 dagger of freezing (quivered)
 D - a +1,+0 whip of flaming
 O - a +1,+1 bow of flame
Missiles
 e - 13 poisoned arrows
 Q - 15 arrows
Armour
 P - a +2 orcish ring mail of cold resistance (worn)
Magical devices
 k - a wand of paralysis (10)
 s - a wand of draining (6)
 u - a wand of hasting (2)
 C - a wand of random effects (0)
 F - a wand of fireball (1)
 H - a wand of frost (10)
 R - a wand of digging (14)
Comestibles
 c - 5 bread rations
 g - 3 meat rations
 n - 2 apples
 w - a choko
 E - a royal jelly
 J - 15 cheeses
 V - a honeycomb
Scrolls
 i - 3 scrolls of teleportation
 j - a scroll of immolation {unknown}
 l - 4 scrolls of remove curse
 m - a scroll of fog
 y - 5 scrolls of identify
 M - a scroll of enchant weapon II
 U - a scroll of enchant armour {unknown}
 X - a scroll of amnesia
Jewellery
 d - a ring of sustenance (right hand)
 o - an uncursed ring of sustain abilities
 r - an uncursed ring of ice
 t - a cursed -2,-2 ring of slaying (left hand)
 G - an uncursed ring of invisibility
 N - a +3 ring of evasion
Potions
 f - 3 potions of beneficial mutation {unknown}
 h - 2 potions of agility
 v - 4 potions of flight
 x - a potion of cure mutation
 z - 6 potions of curing
 A - a potion of restore abilities
 B - 2 potions of berserk rage
 K - a potion of invisibility
 L - 2 potions of resistance
Books
 b - a book of Frost

   Spells                             Type                      Level
   *Freeze                            Ice                          1
   *Throw Frost                       Conjuration/Ice              2
   Ozocubu's Armour                   Charms/Ice                   3
   Throw Icicle                       Conjuration/Ice              4
   Summon Ice Beast                   Ice/Summoning                4
   Condensation Shield                Ice                          4


   Skills:
 - Level 3.0 Fighting
 - Level 3.7 Axes
 - Level 3.0 Armour
 - Level 1.7 Dodging
 - Level 1.7 Stealth
 + Level 3.5 Spellcasting
 + Level 3.8 Conjurations
 - Level 10.2 Ice Magic


You had 12 spell levels left.
You knew the following spells:

 Your Spells              Type           Power        Failure   Level  Hunger
a - Freeze                Ice            ####         1%          1    None
b - Throw Frost           Conj/Ice       #####.       1%          2    #......


Dungeon Overview and Level Annotations

Branches:
Dungeon (8/27)             Temple (1/1) D:7
    Orc: D:6-11        Lair: D:8-13

Shops:
D:6: ?


Message History

The centaur shoots an arrow.
The arrow misses you.
Casting: Freeze
Confirm with . or Enter, or press ? or * to list all spells.
Aiming: Throw Frost
Press: ? - help, Shift-Dir - straight line, f - centaur
Aim: a centaur, wielding a bow and wearing a robe The puff of frost hits the centaur.
The centaur is lightly wounded.
The centaur unwields an uncursed bow.
The centaur wields an orcish trident.
The centaur hits you with an orcish trident!
* * * LOW HITPOINT WARNING * * *
Casting: Throw Frost
Confirm with . or Enter, or press ? or * to list all spells.
Aiming: Freeze
Press: ? - help, Shift-Dir - straight line, f/p - centaur
Aim: a centaur, wielding an orcish trident and wearing a robe (lightly wounded)
You freeze the centaur.
The centaur is heavily wounded.
The centaur hits you with an orcish trident.
You die...

#....#.# #...#........ #....#.#
# #...###.....# #....#.# .#
#.....'.....'
#....#.###.####[.o.##.....#
###....#.#..... ...o.##.....#
........#.#.#.# #####.##.....#
#...%.(...# #o##.....#
##.######.#(#.#########.##.....#
#.........#.#.c@.........%.....#
########..#.#.##########...#####
#..#.#.#...%...........##
#..#.#.......).##....#.#
...#.#.#.#####%#%#+#.# ..
###.#.#.#.......).#.#.####
...#c#.#######.#.#.......
#.####.#.#....# #.#.###.####
#........## #.# #.#.....#.#


You could see a centaur.

Vanquished Creatures
  Pikel (D:4)
  Edmund (D:4)
  A sky beast (D:7)
  A phantom (D:7)
  An orc warrior (D:8)
  4 centaurs
  Sigmund (D:5)
  5 ogres
  A big kobold (Sewer)
  2 giant frogs
  A quasit (D:8)
  5 killer bees (D:8)
  8 crimson imps
  A goliath beetle (D:6)
  A big fish (Sewer)
  2 hounds
  6 scorpions
  A gnoll shaman (D:8)
  6 orc wizards
  3 worker ants
  An orange rat (D:7)
  An iguana (D:8)
  A hound zombie (D:8)
  2 jellies
  15 adders
  8 gnolls
  3 green rats (D:7)
  A giant centipede (D:3)
  6 worms
  A giant mite (D:3)
  An iguana zombie (D:5)
  9 grey rats
  3 giant eyeballs
  7 giant geckos
  20 orcs
  2 bat skeletons
  12 goblins
  11 hobgoblins
  6 jackals
  3 quokkas
  4 ball pythons
  14 bats
  6 giant cockroaches
  A giant gecko skeleton (D:8)
  13 giant newts
  A giant newt zombie (D:5)
  2 giant spores (D:8)
  A hobgoblin skeleton (D:4)
  A hobgoblin zombie (D:6)
  14 kobolds
  22 rats
  A butterfly (D:7)
245 creatures vanquished.

Vanquished Creatures (others)
  An orc warrior (D:8)
  2 slaves (D:4)
  A goblin (D:4)
  A hobgoblin (D:4)
  A kobold (D:4)
  A giant newt (D:4)
7 creatures vanquished.

Grand Total: 252 creatures vanquished

Notes
Turn   | Place    | Note
--------------------------------------------------------------
     0 | D:1      | Rycklaryybbe, the Demigod Ice Elementalist, began the quest for the Orb.
     0 | D:1      | Reached XP level 1. HP: 14/14 MP: 5/5
    95 | D:1      | Reached skill level 3 in Ice Magic
   340 | D:1      | Reached XP level 2. HP: 18/20 MP: 6/6
  1002 | D:1      | Learned a level 2 spell: Throw Frost
  1297 | D:1      | Reached XP level 3. HP: 26/26 MP: 8/8
  1483 | D:2      | Reached skill level 4 in Ice Magic
  2018 | D:2      | Reached XP level 4. HP: 33/33 MP: 2/11
  2665 | D:3      | Reached skill level 5 in Ice Magic
  3047 | D:3      | Found a glowing drain.
  3052 | Sewer    | Entered a sewer
  3110 | Sewer    | Reached XP level 5. HP: 27/38 MP: 1/12
  3201 | Sewer    | Noticed a big kobold
  3215 | Sewer    | Killed a big kobold
  3215 | Sewer    | Reached skill level 6 in Ice Magic
  3320 | Sewer    | Found a glowing silver altar of Zin.
  3817 | D:3      | Reached XP level 6. HP: 45/45 MP: 11/14
  4120 | D:4      | Found a deep blue altar of Sif Muna.
  4155 | D:4      | Noticed Pikel
  4171 | D:4      | Killed Pikel
  4171 | D:4      | Reached skill level 8 in Ice Magic
  4171 | D:4      | Reached XP level 7. HP: 31/50 MP: 5/16
  4298 | D:4      | Noticed Edmund
  4309 | D:4      | Killed Edmund
  4462 | D:4      | Reached skill level 9 in Ice Magic
  4588 | D:4      | Found a sparkling altar of Nemelex Xobeh.
  5117 | D:5      | Entered Level 5 of the Dungeon
  5163 | D:5      | Reached XP level 8. HP: 10/57 MP: 7/18
  5442 | D:5      | Found a radiant altar of Vehumet.
  5846 | D:5      | Noticed Sigmund
  6034 | D:5      | Reached skill level 10 in Ice Magic
  6112 | D:5      | Killed Sigmund
  6160 | D:5      | Found an ancient bone altar of Kikubaaqudgha.
  6160 | D:5      | Found a shimmering altar of Xom.
  6360 | D:5      | Reached skill level 1 in Conjurations
  6925 | D:6      | Found Xoalurch's Magic Scroll Shoppe.
  7900 | D:7      | Reached skill level 1 in Armour
  7940 | D:7      | Reached skill level 1 in Fighting
  8383 | D:7      | Reached XP level 9. HP: 46/63 MP: 21/21
  8467 | D:7      | Identified a scroll of acquirement
  8657 | D:7      | Found a staircase to the Ecumenical Temple.
  8676 | Temple   | Entered the Ecumenical Temple
  9835 | D:8      | Reached skill level 1 in Axes
 10179 | D:8      | Paralysed by a giant eyeball for 3 turns
 10892 | D:8      | Slain by a centaur

Action                   |  1- 3 |  4- 6 |  7- 9 || total
-------------------------+-------+-------+-------++-------
Melee: Dagger            |    80 |    33 |    19 ||   132
       Whip              |       |       |   132 ||   132
       Battleaxe         |       |       |    89 ||    89
 Fire: Bow               |       |       |    32 ||    32
Throw: Dart              |     2 |       |       ||     2
       Dagger            |       |       |     3 ||     3
 Cast: Freeze            |    50 |    50 |   148 ||   248
       Throw Frost       |    19 |    45 |   171 ||   235
Evoke: Wand              |       |       |    22 ||    22
  Use: Potion            |     1 |       |     6 ||     7
       Scroll            |     4 |       |    18 ||    22
 Stab: Sleeping          |     1 |     4 |     3 ||     8
       Paralysed         |       |       |     2 ||     2
